 Dungeon Crawl Stone Soup version 0.21.1-1-g345015fe64 (webtiles) character file.

39 skydrei the Grave Robber (level 3, -7/24 HPs)
             Began as a Vampire Necromancer on June 9, 2018.
             Splashed by a jelly's acid (11 damage)
             ... on level 2 of the Dungeon.
             The game lasted 00:39:32 (2285 turns).

skydrei the Grave Robber (Vampire Necromancer)      Turns: 2285, Time: 00:39:33

Health: -7/24      AC:  2    Str:  7    XL:     3   Next: 28%
Magic:  3/6        EV: 13    Int: 18    God:
Gold:   78         SH:  0    Dex: 14    Spells: 5/6 levels left

rFire    . . .     SeeInvis +     - Unarmed
rCold    + . .     Gourm    .   (no shield)
rNeg     + + .     Faith    .   l - +0 robe
rPois    +         Spirit   .   (no helmet)
rElec    .         Reflect  .   (no cloak)
rCorr    .         Harm     .   (no gloves)
MR       .....                  (no boots)
Stlth    +++.......             (no amulet)
HPRegen  0.04/turn              (no ring)
MPRegen  0.10/turn              (no ring)

@: regenerating slowly
A: fangs 3, see invisible, unbreathing
a: Bat Form


You were on level 2 of the Dungeon.
You were thirsty.

You visited 1 branch of the dungeon, and saw 2 of its levels.

You collected 78 gold pieces.

Inventory:

Missiles
 e - 11 stones (quivered)
Armour
 l - a +0 robe (worn)
 n - a +0 leather armour
Scrolls
 a - a scroll of blinking {unknown}
 m - 2 scrolls of identify {unknown}
Potions
 c - 7 potions of blood
 h - 2 potions of ambrosia {unknown}
 k - a potion of curing {unknown}
Books
 b - a book of Necromancy

   Spells                             Type                      Level
   a - Pain                           Necromancy                   1
   b - Animate Skeleton               Necromancy                   1
   c - Vampiric Draining              Necromancy                   3
   d - Regeneration                   Charms/Necromancy            3
   e - Animate Dead                   Necromancy                   4
   f - Borgnjor's Vile Clutch         Necromancy/Earth             5
Comestibles
 f - 2 rations


   Skills:
 + Level 2.4 Dodging
 + Level 3.2 Stealth
 + Level 1.2 Unarmed Combat
 + Level 2.3 Spellcasting
 + Level 5.0 Necromancy


You had 5 spell levels left.
You knew the following spells:

 Your Spells              Type           Power        Failure   Level  Hunger
a - Pain                  Necr           ###.         2%          1    #......


Dungeon Overview and Level Annotations

Branches:
Dungeon (2/15)

Altars:


Innate Abilities, Weirdness & Mutations

You heal slowly.
You have razor-sharp teeth.
You have supernaturally acute eyesight. (SInv)
You can survive without breathing.


Message History

Aiming: Pain
Press: ? - help, Shift-Dir - straight line, f - jelly
Aim: a jelly (hasn't noticed you, chance to defeat MR: 85%)
The jelly quivers.
The jelly writhes in agony!
Casting: Pain
Confirm with . or Enter, or press ? or * to list all spells.
Aiming: Pain
Press: ? - help, Shift-Dir - straight line, f/p - jelly
Aim: a jelly (moderately wounded, chance to defeat MR: 85%)
The jelly barely resists.
Casting: Pain
Confirm with . or Enter, or press ? or * to list all spells.
Aiming: Pain
Press: ? - help, Shift-Dir - straight line, f/p - jelly
Aim: a jelly (moderately wounded, chance to defeat MR: 85%)
The jelly writhes in agony!
The jelly hits you.
* * * LOW HITPOINT WARNING * * *
You are splashed with acid!
The acid burns!
You die...

#............
###.#####....
#.# #.# #.#
######### #.#
.......<# #.#
#######.#####†##
#......@.#
#######.J#
#..... ##.####
.# .# ##


You could see a jelly.

Vanquished Creatures
  An ooze (D:1)
  A dart slug (D:1)
  3 leopard geckos (D:1)
  A ball python (D:1)
  2 giant cockroaches (D:1)
  5 goblins
  3 hobgoblins (D:1)
  A quokka (D:2)
  2 bats
  A frilled lizard (D:1)
  6 kobolds (D:1)
  4 rats
30 creatures vanquished.

Notes
Turn   | Place    | Note
-------+----------+-------------------------------------------
     0 | D:1      | skydrei the Vampire Necromancer began the quest for the Orb.
     0 | D:1      | Reached XP level 1. HP: 13/13 MP: 3/3
   779 | D:1      | Reached XP level 2. HP: 16/19 MP: 5/5
   928 | D:1      | Reached skill level 1 in Unarmed Combat
  1370 | D:1      | Reached XP level 3. HP: 14/24 MP: 0/6
  1597 | D:1      | Reached skill level 5 in Necromancy
  2285 | D:2      | Splashed by a jelly's acid

Skill      XL: |  1  2  3 |
---------------+----------+-----
Unarmed Combat | 1 |  1.2
Necromancy     | 5 |  5.0
Dodging        | |  2.4
Stealth        | |  3.2
Spellcasting   | |  2.3

Action                   || total
-------------------------++-------
Melee: Unarmed           ||    45
       Bite              ||     6
 Cast: Pain              ||    38
 Abil: End Transformatio ||     1
       Bat Form          ||     1
  Use: Potion            ||     2
  Eat: Corpse            ||     1
Armor: Robe              ||     4
Dodge: Dodged            ||    37
